 Dungeon Crawl Stone Soup version 0.19.4-9-g45fd643 (webtiles) character file.

3396 galech the Grappler (level 9, -3/133 HPs)
             Began as a Troll Monk on Feb 20, 2017.
             Was a High Priest of Okawaru.
             Slain by Grum
             ... wielding a +0 halberd of venom
              (4 damage)
             ... on level 8 of the Dungeon.
             The game lasted 00:14:14 (6386 turns).

galech the Grappler (Troll Monk)                    Turns: 6386, Time: 00:14:15

Health: -3/133     AC:  8    Str: 29    XL:     9   Next: 75%
Magic:  8/8        EV: 13    Int: 11    God:    Okawaru [*****.]
Gold:   339        SH:  0    Dex: 12    Spells: 0 memorised, 8 levels left

rFire  . . .     SeeInvis +       - Unarmed
rCold  + . .     Gourm    +     v - +2 robe {rC+}
rNeg   . . .     Faith    .     (no shield)
rPois  .         Spirit   .     (helmet restricted)
rElec  .         Reflect  .     w - +0 cloak
rCorr  .         Harm     .     (gloves unavailable)
MR     .....                    (boots unavailable)
Stlth  ..........               (no amulet)
                                E - ring of flight
                                e - ring of see invisible

@: brilliant, berserking, lethally poisoned (-3 -> -24), very quick
A: unfitting armour, claws 3, fast metabolism 3, gourmand, regeneration 1,
shaggy fur 1, tough skin 2
a: Heroism, Finesse, Renounce Religion, Evoke Flight


You were on level 8 of the Dungeon.
You worshipped Okawaru.
Okawaru was extremely pleased with you.
You were full.

You visited 2 branches of the dungeon, and saw 9 of its levels.

You collected 339 gold pieces.

Inventory:

Armour
 v - a +2 robe of cold resistance (worn)
 w - a +0 cloak (worn)
Jewellery
 e - a ring of see invisible (left claw)
 z - an uncursed ring of magical power
 E - a ring of flight (right claw)
Wands
 r - a wand of random effects (30/48)
 u - a wand of acid (8/15)
 y - a wand of iceblast (8/15)
 G - a wand of lightning (5/15)
Scrolls
 a - a scroll of noise
 c - a scroll of immolation
 h - 3 scrolls of random uselessness {unknown}
 l - 3 scrolls of remove curse
 m - 2 scrolls of blinking {unknown}
 n - a scroll of enchant armour
 o - 2 scrolls of magic mapping {unknown}
 q - a scroll of enchant weapon
 t - 2 scrolls of recharging
Potions
 d - a potion of beneficial mutation {unknown}
 g - 3 potions of lignification {unknown}
 j - a potion of curing {unknown}
 k - 3 potions of brilliance
 s - 2 potions of haste {unknown}
 x - 2 potions of heal wounds {unknown}
 A - a potion of flight {unknown}
 C - a potion of invisibility {unknown}
 F - a potion of resistance {unknown}
Books
 B - a book of Callings

   Spells                             Type                      Level
   a - Summon Small Mammal            Summoning                    1
   b - Call Imp                       Summoning                    2
   c - Call Canine Familiar           Summoning                    3
   d - Summon Guardian Golem          Hexes/Summoning              3
   e - Summon Lightning Spire         Summoning/Air                4
   f - Summon Ice Beast               Ice/Summoning                4
Comestibles
 b - 6 bread rations
 i - 3 beef jerkies
 p - 4 meat rations
 D - a slice of pizza


   Skills:
 + Level 6.2 Fighting
 + Level 6.3 Dodging
 - Level 1.0 Stealth
 * Level 10.3 Unarmed Combat
 + Level 0.2 Evocations


You had 8 spell levels left.
You didn't know any spells.

Dungeon Overview and Level Annotations

Branches:
Dungeon (8/15)             Temple (1/1) D:5
   Lair: D:8-11

Altars:
Cheibriados
Dithmenos
Gozag
Kikubaaqudgha
Makhleb
Nemelex Xobeh
Okawaru
Ru
Sif Muna
Uskayaw
Vehumet
The Shining One

Shops:
D:8 (

Annotations:
D:8 Grum


Innate Abilities, Weirdness & Mutations

You are too large for most types of armour.
You have claws for hands.
Your metabolism is lightning-fast.
You like to eat raw meat.
Your natural rate of healing is unusually fast.
You are covered in fur. (AC +1)
You have very tough skin. (AC +2)


Message History

* * * LOW HITPOINT WARNING * * *
You feel very sick. The wolf bites you.
* * * LOW HITPOINT WARNING * * *
The wolf bites you!
* * * LOW HITPOINT WARNING * * *
Grum closely misses you. The jelly hits you but does no damage.
You are too injured to fight recklessly!
You are too injured to fight recklessly!
You barely miss the wolf.
The wolf is heavily wounded.
* * * LOW HITPOINT WARNING * * *
You feel sick. The wolf misses you.
You claw the wolf!
The wolf is almost dead.
* * * LOW HITPOINT WARNING * * *
You feel sick. The wolf misses you.
Grum stares intently and barks.
Grum hits you from afar with a halberd of venom.
You die...

......########.###.###
.....................#
......#########......#
####### #......#
#......# #......#
#......# ######......#
.......@...?###
......Jh........
.....g†........#
...............#
...............#
...............#
..........######
###########


You could see Grum, a wolf and a jelly.

Vanquished Creatures
  Pikel (D:5)
  Grinder (D:5)
  Prince Ribbit (D:8)
  Sigmund (D:5)
  3 orc warriors
  A sky beast (D:7)
  An ice beast (D:7)
  4 slaves
  4 ogres
  A wolf (D:8)
  A centaur (D:6)
  A big kobold (D:8)
  A bullfrog (D:6)
  3 scorpions
  The ghost of oplop the Chiller, a weakling OpIE (D:3)
  3 crimson imps
  A centaur zombie (D:8)
  3 hounds
  A jelly (D:7)
  7 orc priests
  Crazy Yiuf (D:5)
  A bullfrog skeleton (D:5)
  2 iguanas
  4 orc wizards
  4 worker ants
  A worker ant zombie (D:8)
  8 gnolls
  A howler monkey skeleton (D:5)
  4 adders
  3 shadow imps
  2 oozes
  5 worms
  5 dart slugs
  6 leopard geckos
  14 orcs
  8 bats
  9 giant cockroaches
  5 goblins
  7 hobgoblins
  18 jackals
  11 kobolds
  5 quokkas
  2 ball pythons
  4 frilled lizards
  A jackal zombie (D:7)
  A quokka skeleton (D:5)
  7 rats
179 creatures vanquished.

Notes
Turn   | Place    | Note
-------+----------+-------------------------------------------
     0 | D:1      | galech the Troll Monk began the quest for the Orb.
     0 | D:1      | Reached XP level 1. HP: 22/22 MP: 0/0
   226 | D:1      | Reached XP level 2. HP: 28/29 MP: 1/1
   436 | D:1      | Reached XP level 3. HP: 36/36 MP: 2/2
  1172 | D:2      | Found a faded altar of an unknown god.
  1258 | D:2      | Reached XP level 4. HP: 44/44 MP: 3/3
  1264 | D:2      | Reached skill level 4 in Unarmed Combat
  1750 | D:3      | Found a deep blue altar of Sif Muna.
  2114 | D:3      | Noticed oplop's ghost (weakling OpIE)
  2121 | D:3      | Killed oplop's ghost
  2121 | D:3      | Reached XP level 5. HP: 47/53 MP: 4/4
  2262 | D:3      | Found a shadowy altar of Dithmenos.
  2265 | D:3      | Found a radiant altar of Vehumet.
  2268 | D:3      | Found a glowing golden altar of the Shining One.
  2341 | D:3      | Found an opulent altar of Gozag.
  2646 | D:4      | Reached skill level 5 in Unarmed Combat
  2899 | D:4      | Reached XP level 6. HP: 61/61 MP: 5/5
  3187 | D:4      | You fall through a shaft!
  3187 | D:5      | Entered Level 5 of the Dungeon
  3208 | D:5      | Noticed a slave
  3209 | D:5      | Noticed a slave
  3209 | D:5      | Noticed a slave
  3234 | D:5      | Found a staircase to the Ecumenical Temple.
  3243 | Temple   | Entered the Ecumenical Temple
  3248 | Temple   | Killed a slave
  3273 | Temple   | Killed a slave
  3295 | Temple   | Became a worshipper of Warmaster Okawaru
  3295 | Temple   | Reached * piety under Okawaru
  3295 | Temple   | Reached ** piety under Okawaru
  3324 | D:5      | Killed a slave
  3352 | D:5      | Noticed a slave
  3353 | D:5      | Noticed Pikel
  3391 | Temple   | Killed a slave
  3426 | D:5      | Killed Pikel
  3426 | D:5      | Reached *** piety under Okawaru
  3426 | D:5      | Reached skill level 6 in Unarmed Combat
  3426 | D:5      | Reached XP level 7. HP: 30/70 MP: 3/6
  3548 | D:5      | Reached skill level 7 in Unarmed Combat
  3792 | D:5      | Noticed Sigmund
  3801 | D:5      | Killed Sigmund
  3801 | D:5      | Reached XP level 8. HP: 61/79 MP: 7/7
  4006 | D:5      | Found a runed door.
  4010 | D:5      | Noticed Crazy Yiuf
  4014 | D:5      | Killed Crazy Yiuf
  4099 | D:5      | Noticed Grinder
  4102 | D:5      | Paralysed by Grinder for 4 turns
  4110 | D:5      | Killed Grinder
  4110 | D:5      | Reached **** piety under Okawaru
  4110 | D:5      | Reached skill level 5 in Dodging
  4110 | D:5      | Reached skill level 8 in Unarmed Combat
  4511 | D:6      | Reached skill level 5 in Fighting
  4530 | D:6      | Found a snail-covered altar of Cheibriados.
  4714 | D:6      | Found a sparkling altar of Nemelex Xobeh.
  4844 | D:6      | Reached XP level 9. HP: 85/88 MP: 8/8
  4849 | D:6      | Reached skill level 9 in Unarmed Combat
  4852 | D:6      | Reached ***** piety under Okawaru
  5153 | D:7      | Noticed Prince Ribbit
  5313 | D:8      | Killed Prince Ribbit
  5540 | D:7      | Reached skill level 10 in Unarmed Combat
  5554 | D:7      | HP: 3/89 [orc warrior/halberd (15)]
  5557 | D:7      | Found a hide-covered altar of Uskayaw.
  6229 | D:8      | Found Xumaffuo's Antique Weapon Boutique.
  6233 | D:8      | Found a sacrificial altar of Ru.
  6371 | D:8      | Noticed Grum
  6384 | D:8      | HP: 4/133 [wolf[Grum] (7)]
  6386 | D:8      | HP: 1/133 [poisoned by Grum]
  6386 | D:8      | Slain by Grum

Skill      XL: |  1  2  3  4  5  6  7  8  9 |
---------------+----------------------------+-----
Unarmed Combat | 4 5 6 7 8 10 | 10.3
Dodging        | 3 4 5 6 |  6.3
Fighting       | 3 4 5 6 |  6.2
Stealth        | |  1.0
Evocations     | |  0.2

Action                   |  1- 3 |  4- 6 |  7- 9 || total
-------------------------+-------+-------+-------++-------
Melee: Unarmed           |   107 |   151 |   296 ||   554
       Punch             |     2 |     5 |     8 ||    15
Invok: Heroism           |       |     1 |     1 ||     2
  Use: Scroll            |       |     4 |     5 ||     9
       Potion            |       |       |     2 ||     2
 Stab: Sleeping          |     2 |     3 |     1 ||     6
  Eat: Chunk             |    17 |    20 |    23 ||    60
Armor: Robe              |    28 |    35 |    85 ||   148
Dodge: Dodged            |    64 |    84 |   172 ||   320
